 Dungeon Crawl Stone Soup version 0.30-a0-6-g7c9e10e132 (webtiles) character file.

Game seed: 13716186540207971250

2249 Sabo the Conjurer (level 9, -2/54 HPs)
             Began as an Octopode Conjurer on Aug 22, 2022.
             Was an Initiate of Gozag.
             Killed from afar by a steam dragon (17 damage)
             ... with a ball of steam
             ... on level 7 of the Dungeon.
             The game lasted 00:54:43 (11146 turns).

Sabo the Conjurer (Octopode Conjurer)              Turns: 11146, Time: 00:54:44

Health: -2/54      AC:  1    Str:  6    XL:     9   Next: 37%
Magic:  14/19      EV: 32    Int: 34    God:    Gozag
Gold:   936        SH:  0    Dex: 10    Spells: 14/21 levels left

rFire   . . .      SeeInvis .    C - +5 dire flail of the End of Times {freeze, rCorr Int+3}
rCold   + . .      Faith    .    (shield currently unavailable)
rNeg    . . .      Spirit   .    (helmet restricted)
rPois   .          Reflect  .    s - amulet of the acrobat
rElec   .          Harm     .    g - +4 ring of evasion
rCorr   +          Rampage  .    m - ring of protection from cold
Will    .....                    e - +6 ring of intelligence
Stlth   ++++......               (no ring)
HPRegen 0.18/turn                (no ring)
MPRegen 0.16/turn                (no ring)
                                 (no ring)
                                 (no ring)

@: gold aura, acrobatic
A: almost no armour, amphibious, 8 rings, camouflage 1, gelatinous body 1,
(nimble swimmer 1), tentacles
a: Renounce Religion, Potion Petition, Call Merchant, Bribe Branch


You were on level 7 of the Dungeon.
You worshipped Gozag.
Gozag was pleased with you.
You visited 1 branch of the dungeon, and saw 7 of its levels.

You collected 936 gold pieces.

Inventory:

Hand Weapons
 c - a +0 sling
 n - the +5 war axe "Xafamuumnu" {speed, rF+ Dex+5}
   (You found it on level 6 of the Dungeon)

   Attacks with this weapon are significantly faster.
   Dex:       It affects your dexterity (+5).
   rF:        It protects you from fire.
 t - a +4 quarterstaff of chaos
 y - a +3 flail of holy wrath
 C - the +5 dire flail of the End of Times (weapon) {freeze, rCorr Int+3}
   (You took it off an ogre on level 4 of the Dungeon)

   It freezes those it strikes, dealing additional cold damage.
   It can also slow down cold-blooded creatures.
   Int:       It affects your intelligence (+3).
   rCorr:     It protects you from acid and corrosion.
Missiles
 u - 7 poisoned darts (quivered)
 x - 5 boomerangs
Magical Staves
 A - a staff of death
Jewellery
 e - a +6 ring of intelligence (on tentacle)
 g - a +4 ring of evasion (left tentacle)
 m - a ring of protection from cold (right tentacle)
 s - an amulet of the acrobat (around mantle)
Wands
 o - a wand of mindburst (13)
 G - a wand of paralysis (8)
Scrolls
 b - a scroll of fear
 f - 4 scrolls of silence
 i - 2 scrolls of magic mapping
 p - a scroll of poison
 v - a scroll of butterflies {unknown}
 z - a scroll of amnesia
Potions
 a - a potion of magic
 d - 2 potions of haste {unknown}
 h - 2 potions of brilliance {unknown}
 j - 2 potions of degeneration {unknown}
 k - a potion of resistance {unknown}
 l - a potion of invisibility {unknown}
 q - 4 potions of curing
 r - a potion of lignification {unknown}
 w - a potion of berserk rage {unknown}
 B - a potion of ambrosia {unknown}
 D - 2 potions of heal wounds {unknown}
 E - a potion of mutation {unknown}
 F - a potion of flight {unknown}


   Skills:
 + Level 1.7 Fighting
 + Level 1.3 Short Blades
 + Level 2.9 Maces & Flails
 + Level 4.0 Dodging
 + Level 7.6 Stealth
 + Level 6.6 Spellcasting
 + Level 7.7 Conjurations


You had 14 spell levels left.
You knew the following spells:

 Your Spells              Type           Power      Damage    Failure   Level
a - Magic Dart            Conj           100%       1d8       1%          1
b - Searing Ray           Conj           100%       2d8       1%          2
c - Flame Wave            Conj/Fire      37%        2d10      8%          4

Your spell library contained the following spells:

 Spells                   Type           Power      Damage    Failure   Level
 Dazzling Flash           Conj/Hex       74%        N/A       2%          3
 Mephitic Cloud           Conj/Pois/Air  29%        N/A       3%          3
 Call Imp                 Summ           11%        N/A       5%          2
 Ensorcelled Hibernation  Hex/Ice        22%        N/A       5%          2
 Scorch                   Fire           22%        2d6       5%          2
 Fulminant Prism          Conj/Hex       18%        3d11      8%          4
 Iskenderun's Mystic Bla  Conj/Tloc      37%        2d9       8%          4
 Spider Form              Tmut/Pois      11%        N/A       11%         3
 Anguish                  Hex/Necr       5%         N/A       36%         4
 Summon Cactus Giant      Summ           5%         N/A       99%         6


Dungeon Overview and Level Annotations

Branches:
Dungeon (7/15)             Temple (0/1) D:4

Altars:
Gozag
Makhleb
Nemelex Xobeh
Vehumet

Shops:
D:2 [   D:3 [


Innate Abilities, Weirdness & Mutations

You cannot wear most types of armour.
You are amphibious.
You can wear up to eight rings at the same time.
Your skin changes colour to match your surroundings (Stealth+).
Your rubbery body absorbs attacks. (AC +1, EV +1)
((You are camouflaged when in or above water. (Stealth+)))
You have tentacles for arms and can constrict up to eight enemies at once.


Message History

The yak completely misses you. The yak closely misses you.
You puncture the yak! You freeze the yak.
You kill the yak!
You sock the yak! You freeze the yak.
The yak is heavily wounded.
The steam dragon bites you. The steam dragon claws you. The yak gores you!
You thump the yak! You freeze the yak.
You kill the yak!
The steam dragon closely misses you. The steam dragon completely misses you.
Your Dodging skill increases to level 4!
The steam dragon breathes steam at you. The ball of steam misses you.
You hear a bellow!
You see here 40 gold pieces.
Casting: Searing Ray (safe; 1% risk of failure)
Confirm with . or Enter, or press ? or * to list all spells.
Aiming: Searing Ray (safe; 1% risk of failure)
Press: ? - help, Shift-Dir - straight line, f - steam dragon
Aim: a steam dragon (catching its breath, 83% to hit)
The searing ray hits the steam dragon!
The steam dragon is moderately wounded. (Press . to maintain the ray.)
You are engulfed in a cloud of scalding steam.
The searing ray misses the steam dragon.
You are engulfed in a cloud of scalding steam.
* * * LOW HITPOINT WARNING * * *
The steam dragon completely misses you. The steam dragon closely misses you.
The searing ray hits the steam dragon!
The steam dragon is heavily wounded.
You are engulfed in a cloud of scalding steam.
* * * LOW HITPOINT WARNING * * *
The steam dragon completely misses you. The steam dragon barely misses you.
The searing ray hits the steam dragon!
The steam dragon is almost dead.
You finish channelling your searing ray.
The steam dragon completely misses you. x2
The steam dragon breathes steam at you. The ball of steam hits you!
You die...
Your body crumbles into a pile of gold.

....#.#......##..#
....#.#......##...
###.#.#...........## #
#.#.#..s..?.. ... ###.#.#DYY...##
#.## #...#.#.YYY.. #.#..###.###
#.###.##########.......... ..#
#.........#.##$# ..#
#########...@D.# #># #.#
############ #####.##
#..........# ###
.......######.########.########..
######........# ##..........#
#######..# #...#########
#....##.# ###.......... #
#.##.##.# #########.. ##
#.##.##.# #.#


You could see a steam dragon (catching breath).

Vanquished Creatures
  2 yaks (D:7)
  A water moccasin (D:6)
  The ghost of hgbash the Sneak, an amateur SpCj (D:4)
  An ice beast (D:5)
  2 black bears
  3 ogres
  2 centaurs
  5 phantoms
  2 scorpions (D:7)
  2 hounds (D:5)
  3 jellies
  An orc priest (D:7)
  Crazy Yiuf (D:3)
  3 iguanas
  2 orc wizards (D:7)
  5 gnolls (D:4)
  9 adders
  2 white imps
  An ufetubus (D:6)
  3 worms
  2 dart slugs
  11 orcs
  8 endoplasms
  3 giant cockroaches
  2 goblins
  10 hobgoblins
  8 kobolds
  2 quokkas
  5 ball pythons
  2 bats (D:1)
  4 frilled lizards
  5 rats
113 creatures vanquished.

Notes
Turn   | Place    | Note
-------+----------+-------------------------------------------
     0 | D:1      | Sabo the Octopode Conjurer began the quest for the Orb.
     0 | D:1      | Reached XP level 1. HP: 11/11 MP: 3/3
   295 | D:1      | Reached XP level 2. HP: 17/17 MP: 0/5
  1266 | D:2      | Reached XP level 3. HP: 21/21 MP: 4/6
  1806 | D:2      | Reached skill level 5 in Conjurations
  1922 | D:2      | Reached XP level 4. HP: 27/27 MP: 4/7
  2166 | D:2      | Found Hiunnyaseh's Armour Boutique.
  2331 | D:2      | Learned a level 2 spell: Searing Ray
  2333 | D:2      | Found a faded altar of an unknown god.
  2345 | D:2      | Prayed at the altar of an unknown god.
  2345 | D:2      | Became a worshipper of Gozag Ym Sagoz the Greedy
  2644 | D:3      | Found Vam Muev's Armour Emporium.
  3390 | D:3      | Found a runed translucent door.
  4061 | D:3      | Noticed Crazy Yiuf
  4070 | D:3      | Killed Crazy Yiuf
  4071 | D:3      | Reached XP level 5. HP: 31/31 MP: 3/9
  4345 | D:4      | Found a staircase to the Ecumenical Temple.
  4727 | D:4      | Found a transporter.
  4728 | D:4      | Noticed hgbash's ghost (amateur SpCj)
  4732 | D:4      | Identified the +5 dire flail of the End of Times {freeze,
                  | rCorr Int+3}
  4732 | D:4      | Noticed an ogre
  4734 | D:4      | Found a transporter.
  4930 | D:4      | Found an opulent altar of Gozag.
  4930 | D:4      | Found a sparkling altar of Nemelex Xobeh.
  5216 | D:4      | Reached XP level 6. HP: 36/36 MP: 5/10
  5627 | D:5      | Entered Level 5 of the Dungeon
  6205 | D:5      | Found a radiant altar of Vehumet.
  6474 | D:5      | Reached XP level 7. HP: 41/41 MP: 7/13
  7059 | D:5      | Reached skill level 5 in Stealth
  7896 | D:4      | Reached skill level 5 in Spellcasting
  7896 | D:4      | Reached XP level 8. HP: 46/46 MP: 9/15
  7900 | D:4      | Killed hgbash's ghost
  8341 | D:6      | Learned a level 4 spell: Flame Wave
  8373 | D:6      | Reached skill level 1 in Short Blades
  8932 | D:6      | Identified the +5 war axe "Xafamuumnu" {speed, rF+ Dex+5}
  9061 | D:6      | Reached skill level 1 in Maces & Flails
  9854 | D:6      | Reached skill level 1 in Fighting
  9854 | D:6      | Reached XP level 9. HP: 53/53 MP: 13/18
 10847 | D:7      | Found a burning altar of Makhleb.
 11146 | D:7      | Killed from afar by a steam dragon

Illustrated notes

Levels and vault maps discovered:
D:1:      wheals_arrival_shading, layout_loops_ring
D:2:      layout_basic, basic_ecumenical_altar, serial_shops, shop,
          hangedman_feature_mirror
D:3:      layout_loops_corners, serial_shops, nicolae_square_shop,
          uniq_crazy_yiuf_cottage
D:4:      layout_loops_cross, grunt_temple_overflow_opulence, temple_statues,
          gammafunk_ghost_smash
D:5:      layout_loops_corners, nicolae_vehumet_radiance
D:6:      layout_basic, nicolae_titane
D:7:      old_forge, layout_basic, mainiacjoe_overflow_tiny_flanked,
          serial_co_window_serial, co_window_corner_a,
          co_window_of_opportunity_a, co_window_paths_a, co_window_paths_b,
          co_window_paths_a, co_window_paths_a, co_window_of_opportunity_a,
          co_window_broadway_a, co_window_corner_cb, co_window_of_opportunity_b,
          glass_columns_b, glass_columns_b, glass_columns_a, glass_columns_b,
          nicolae_figureground_sparkle

Skill      XL: |  1  2  3  4  5  6  7  8  9 |
---------------+----------------------------+-----
Stealth        | 3 4 6 7 |  7.6
Conjurations   | 5 6 7 |  7.7
Spellcasting   | 3 4 5 6 |  6.6
Short Blades   | 1 |  1.3
Dodging        | 3 4 |  4.0
Maces & Flails | 1 2 |  2.9
Fighting       | 1 |  1.7

Action                   |  1- 3 |  4- 6 |  7- 9 || total
-------------------------+-------+-------+-------++-------
Melee: Short sword       |     2 |       |       ||     2
       Tentacles         |     1 |     1 |     7 ||     9
       Hand axe          |     5 |       |       ||     5
       Constrict         |     4 |     1 |     3 ||     8
       Quarterstaff      |     6 |       |       ||     6
       Dagger            |       |     6 |       ||     6
       Flail             |       |       |     6 ||     6
       Dire flail        |       |       |    40 ||    40
       Punch             |       |       |     1 ||     1
 Cast: Magic Dart        |    55 |    38 |       ||    93
       Searing Ray       |       |    24 |    29 ||    53
  Use: Scroll            |     2 |     4 |     2 ||     8
       Potion            |       |       |     1 ||     1
 Stab: Sleeping          |       |       |     1 ||     1
Armor: Skin              |     1 |     1 |     3 ||     5
Dodge: Dodged            |    11 |    14 |   110 ||   135

Table legend: (Time is in decaauts)
 A = Elapsed time spent in this place.
 B = Non-inter-level travel time spent in this place.
 C = Inter-level travel time spent in this place.
 D = Time resting spent in this place.
 E = Time spent auto-exploring this place.
 F = Levels seen in this place.
 G = Mean time per level.
                   A        B        C        D        E       F      G
               +--------+--------+--------+--------+--------+-----+--------+
         Total |  11156 |  11156 |      0 |   4310 |      0 |   7 | 1593.7 |
       Dungeon |  11156 |  11156 |      0 |   4310 |      0 |   7 | 1593.7 |
               +--------+--------+--------+--------+--------+-----+--------+

Top non-repeatable levels by time:
     D:5: 2228 daAuts
     D:4: 1891 daAuts
     D:3: 1659 daAuts
     D:6: 1628 daAuts
     D:2: 1313 daAuts
     D:1: 1224 daAuts
     D:7: 1210 daAuts
